 Dungeon Crawl Stone Soup version 0.29-a0-234-g0dae59b3db (webtiles) character file.

Game seed: 2539578693525347982

38 fragbeetle the Changer (level 3, -8/28 HPs)
             Began as a Draconian Transmuter on Mar 2, 2022.
             Mangled by Edmund
             ... wielding a +4 flail of venom
              (10 damage)
             ... in the Ecumenical Temple.
             The game lasted 00:02:26 (1956 turns).

fragbeetle the Changer (Draconian Transmuter)       Turns: 1956, Time: 00:02:27

Health: -8/28      AC:  6    Str: 12    XL:     3   Next: 25%
Magic:  5/6        EV: 12    Int: 13    God:
Gold:   35         SH:  0    Dex: 13    Spells: 2/6 levels left

rFire   . . .      SeeInvis .   a - +4 hand axe
rCold   . . .      Faith    .   (no shield)
rNeg    . . .      Spirit   .   (body armour unavailable)
rPois   .          Reflect  .   (helmet currently unavailable)
rElec   .          Harm     .   (no cloak)
rCorr   .          Rampage  .   k - +0 pair of gloves
Will    .....                   (boots currently unavailable)
Stlth   +.........              (no amulet)
HPRegen 0.09/turn               (no ring)
MPRegen 0.10/turn               (no ring)

@: lethally poisoned (-8 -> -15), appendages, flying
A: horns 2, talons 2, AC +5, unfitting armour, cold-blooded
a: End Transformation


You were in the Ecumenical Temple.
You had temporarily grown beastly horns and talons.
You visited 2 branches of the dungeon, and saw 4 of its levels.

You collected 35 gold pieces.

Inventory:

Hand Weapons
 a - a +4 hand axe (weapon)
 i - a +4 dagger
Armour
 k - a +0 pair of gloves (worn)
Jewellery
 c - a ring of protection from cold
Scrolls
 b - a scroll of holy word {unknown}
 e - 3 scrolls of identify {unknown}
 g - a scroll of summoning {unknown}
 h - a scroll of blinking {unknown}
 j - 2 scrolls of immolation {unknown}
 m - a scroll of fear {unknown}
 n - 3 scrolls of teleportation {unknown}
Potions
 d - a potion of heal wounds {unknown}
 f - a potion of lignification {unknown}
 l - a potion of flight
 o - a potion of curing


   Skills:
 - Level 1.1 Fighting
 - Level 1.7 Dodging
 - Level 3.0 Unarmed Combat
 - Level 2.0 Spellcasting
 + Level 3.7 Transmutations
 + Level 0.2 Poison Magic


You had 2 spell levels left.
You knew the following spells:

 Your Spells              Type           Power      Damage    Failure   Level
a - Beastly Appendage     Tmut           20%        N/A       5%          1
b - Spider Form           Tmut/Pois      6%         N/A       34%         3

Your spell library contained the following spells:

 Spells                   Type           Power      Damage    Failure   Level
 Wereblood                Tmut           10%        N/A       9%          2
 Sting                    Tmut/Pois      24%        1d4       12%         1
 Scorch                   Fire           2%         2d5       36%         2
 Call Canine Familiar     Summ           1%         N/A       58%         3
 Portal Projectile        Hex/Tloc       2%         N/A       58%         3
 Tukima's Dance           Hex            1%         N/A       58%         3
 Ice Form                 Ice/Tmut       6%         N/A       75%         4
 Leda's Liquefaction      Hex/Erth       0%         N/A       94%         4
 Passage of Golubria      Tloc           1%         N/A       94%         4
 Sticky Flame             Conj/Fire      1%         2d3       94%         4
 Yara's Violent Unravell  Hex/Tmut       3%         3d4       97%         5


Dungeon Overview and Level Annotations

Branches:
Dungeon (4/15)             Temple (1/1) D:4

Altars:

Annotations:
D:2 Sigmund
Temple Edmund


Innate Abilities, Weirdness & Mutations

You have temporarily grown beastly horns and talons.
Your plain brown scales are hard. (AC +5)
You cannot fit into any form of body armour.
You are cold-blooded and may be slowed by cold attacks.


Message History

Found an escape hatch in the floor.
Okay, then.
Your horns disappear.
Your talons disappear.
There is a staircase to the Ecumenical Temple here.
Edmund hits you with a +4 flail of venom!
Ouch! That really hurt!
You are poisoned.
You climb downwards.
Welcome to the Ecumenical Temple!
You feel sick.
There is a staircase back to the Dungeon here.
You feel sick.
It was a potion of flight.
You feel very buoyant.
You fly up into the air.
You feel sick.
Edmund hits you with a +4 flail of venom.
* * * LOW HITPOINT WARNING * * *
It was a potion of curing.
You feel better.
Edmund hits you with a +4 flail of venom.
Casting: Beastly Appendage (safe; 5% risk of failure)
Confirm with . or Enter, or press ? or * to list all spells.
Okay, then.
You aren't carrying any items that you can evoke.
Unknown command.
Okay, then.
Casting: Beastly Appendage (safe; 5% risk of failure)
Confirm with . or Enter, or press ? or * to list all spells.
You grow a pair of large bovine horns.
Your feet morph into talons.
Edmund barely misses you.
You hit Edmund. Your headbutt misses Edmund.
You tail-slap Edmund, but do no damage.
Edmund is lightly wounded.
Edmund hits you with a +4 flail of venom!
* * * LOW HITPOINT WARNING * * *
You are lethally poisoned!
You hit Edmund. You tail-slap Edmund, but do no damage.
Edmund is moderately wounded.
* * * LOW HITPOINT WARNING * * *
You feel very sick. Edmund closely misses you.
Edmund hits you with a +4 flail of venom!
You die...

###+###
###.....###
##.........##
#...........#
#.....@.....#
#....@......#
##.........##
###.....###
#######


You could see Edmund.

Vanquished Creatures
  A worm (D:2)
  2 dart slugs (D:2)
  4 bats
  3 endoplasms
  4 ball pythons
  A frilled lizard (D:1)
  4 goblins
  7 kobolds
  5 rats
31 creatures vanquished.

Vanquished Creatures (others)
  6 plants (D:1)
6 creatures vanquished.

Grand Total: 37 creatures vanquished

Notes
Turn   | Place    | Note
-------+----------+-------------------------------------------
     0 | D:1      | fragbeetle the Draconian Transmuter began the quest for the
                  | Orb.
     0 | D:1      | Reached XP level 1. HP: 16/16 MP: 3/3
   529 | D:1      | Reached XP level 2. HP: 23/23 MP: 5/5
   584 | D:1      | Found a faded altar of an unknown god.
  1178 | D:2      | Noticed Sigmund
  1593 | D:2      | Got the Disquisition on Cankerous Fire
  1672 | D:2      | Reached XP level 3. HP: 28/28 MP: 4/6
  1840 | D:2      | Learned a level 3 spell: Spider Form
  1908 | D:2      | You fall into a shaft and drop 2 floors!
  1932 | D:4      | Found a staircase to the Ecumenical Temple.
  1932 | D:4      | Noticed Edmund
  1950 | Temple   | Entered the Ecumenical Temple
  1956 | Temple   | Mangled by Edmund

Illustrated notes

Levels and vault maps discovered:
D:1:      minmay_arrival_three_doors, layout_basic, serial_forest,
          infiniplex_forest_clump_tiny, infiniplex_forest_clump_small,
          infiniplex_forest_end_2, infiniplex_forest_lined_4_way,
          infiniplex_forest_straight_2, infiniplex_forest_end_2,
          infiniplex_forest_clump_double,
          shapermc_ecumenical_altar_mp_urbaneastern, minmay_hexomino_p4
D:2:      layout_loops_ring, uniq_sigmund
D:4:      kennysheep_big_flooded_room, layout_loops_cross,
          minmay_temple_entry_proselytizer, serial_shops, shop, uniq_menkaure,
          uniq_blork_the_orc, uniq_edmund
Temple:   dpeg_five_rooms_temple

Skill      XL: |  1  2 |
---------------+-------+-----
Transmutations | 3 |  3.7
Fighting       | |  1.1
Dodging        | |  1.7
Unarmed Combat | |  3.0
Spellcasting   | |  2.0
Poison Magic   | |  0.2

Action                   || total
-------------------------++-------
Melee: Hand axe          ||    45
       Unarmed           ||     8
       Kick              ||    11
       Headbutt          ||     5
       Punch             ||     3
       Tailslap          ||     5
 Cast: Beastly Appendage ||    20
  Use: Potion            ||     2
 Stab: Sleeping          ||     1
Armor: Skin              ||    13
Dodge: Dodged            ||    40

Table legend: (Time is in decaauts)
 A = Elapsed time spent in this place.
 B = Non-inter-level travel time spent in this place.
 C = Inter-level travel time spent in this place.
 D = Time resting spent in this place.
 E = Time spent auto-exploring this place.
 F = Levels seen in this place.
 G = Mean time per level.
                   A        B        C        D        E       F      G
               +--------+--------+--------+--------+--------+-----+--------+
         Total |   1971 |   1845 |    126 |    274 |   1285 |   4 |  492.8 |
       Dungeon |   1965 |   1839 |    126 |    274 |   1285 |   3 |  655.0 |
        Temple |      6 |      6 |      0 |      0 |      0 |   1 |    6.0 |
               +--------+--------+--------+--------+--------+-----+--------+

Top non-repeatable levels by time:
     D:1: 1527 daAuts
     D:2: 395 daAuts
     D:4: 43 daAuts
  Temple: 6 daAuts
